 Dungeon Crawl Stone Soup version 0.29-a0-1052-g6990b1bffc (webtiles) character file.

Game seed: 18238484549641464759

4825 slphil the Prestidigitator (level 10, 0/76 HPs)
             Began as a Gnoll Wanderer on Aug 17, 2022.
             Was a Priest of Okawaru.
             Slain by a yak (9 damage)
             ... on level 9 of the Dungeon.
             The game lasted 00:23:46 (9612 turns).

slphil the Prestidigitator (Gnoll Wanderer)         Turns: 9612, Time: 00:23:47

Health: 0/76       AC: 22    Str: 21    XL:     10   Next: 49%
Magic:  21/21      EV: 11    Int: 22    God:    Okawaru [***...]
Gold:   528        SH:  0    Dex: 11    Spells: 19/21 levels left

rFire   + . .      SeeInvis .   h - +0 broad axe
rCold   + . .      Faith    .   (no shield)
rNeg    . . .      Spirit   .   I - +3 chain mail "Utzohuw" {Regen+ Int+7}
rPois   +          Reflect  .   (no helmet)
rElec   +          Harm     .   p - scarf {rC+ rF+}
rCorr   +          Rampage  .   (no gloves)
Will    .....      Rage     3%  g - +2 pair of boots
Stlth   +.........              (no amulet)
HPRegen 1.02/turn               q - ring "Damnable Contraption" {Fly rElec rCorr Str+6 Int+2}
MPRegen 0.17/turn               e - +4 ring of protection

@: heroic, on berserk cooldown, flying
A: fangs 2, strong nose, distributed training, berserk 1, high MP 1, poison
resistance
a: Renounce Religion, Heroism


You were on level 9 of the Dungeon.
You worshipped Okawaru.
Okawaru was most pleased with you.
You visited 2 branches of the dungeon, and saw 10 of its levels.

You collected 528 gold pieces.

Inventory:

Hand Weapons
 a - a +2 spear
 h - a +0 broad axe (weapon)
 m - a +4 dagger
 y - a +1 flail of holy wrath
Missiles
 x - 2 throwing nets
Armour
 d - a +0 robe
 g - a +2 pair of boots (worn)
 n - a +3 ring mail of poison resistance
 p - a scarf of resistance (worn)
 F - a +2 cloak
 H - +0 steam dragon scales
 I - the +3 chain mail "Utzohuw" (worn) {Regen+ Int+7}
   (You found it on level 7 of the Dungeon)

   Int:       It affects your intelligence (+7).
   Regen:     It increases your rate of health regeneration.
Magical Staves
 v - a staff of poison
Jewellery
 e - a +4 ring of protection (right hand)
 f - a ring of protection from cold
 q - the ring "Damnable Contraption" (left hand) {Fly rElec rCorr Str+6 Int+2}
   (You found it on level 2 of the Dungeon)

   [ring of strength]

   Str:       It affects your strength (+6).
   Int:       It affects your intelligence (+2).
   rElec:     It insulates you from electricity.
   Fly:       It grants you flight.
   rCorr:     It protects you from acid and corrosion.
 J - a ring of resist corrosion
 K - a ring of see invisible
Wands
 b - a wand of flame (7)
 C - a wand of roots (2)
Scrolls
 c - 2 scrolls of fear
 j - 2 scrolls of poison
 k - 8 scrolls of teleportation
 o - 3 scrolls of blinking
Potions
 l - 2 potions of brilliance
 s - 6 potions of curing
 t - a potion of degeneration
 u - 2 potions of flight
 z - a potion of cancellation
 B - 3 potions of might
 D - a potion of invisibility {unknown}
 G - a potion of ambrosia {unknown}
 L - a potion of haste


   Skills:
 + Level 6.1(11.1) Fighting
 + Level 5.5(10.5) Short Blades
 + Level 5.5(10.5) Long Blades
 + Level 5.5(10.5) Axes
 + Level 5.5(10.5) Maces & Flails
 + Level 8.7(13.7) Polearms
 + Level 5.5(10.5) Staves
 + Level 5.5(10.5) Ranged Weapons
 + Level 5.5(10.5) Throwing
 + Level 5.5(10.5) Armour
 + Level 5.5(10.5) Dodging
 + Level 5.5(10.5) Stealth
 + Level 5.5(10.5) Shields
 + Level 5.5(10.5) Unarmed Combat
 + Level 6.2 Spellcasting
 + Level 4.5 Conjurations
 + Level 4.5 Hexes
 + Level 4.5 Summonings
 + Level 4.5 Necromancy
 + Level 4.5 Translocations
 + Level 4.5 Transmutations
 + Level 4.5 Fire Magic
 + Level 4.5 Ice Magic
 + Level 4.5 Air Magic
 + Level 4.5 Earth Magic
 + Level 6.0 Poison Magic
 + Level 6.1 Invocations
 + Level 8.7 Evocations


You had 19 spell levels left.
You knew the following spells:

 Your Spells              Type           Power      Damage    Failure   Level
b - Ensorcelled Hibernat  Hex/Ice        54%        N/A       13%         2

Your spell library contained the following spells:

 Spells                   Type           Power      Damage    Failure   Level
 Sting                    Tmut/Pois      100%       1d8       6%          1
 Foxfire                  Conj/Fire      100%       2x1d9     9%          1
 Poisonous Vapours        Pois/Air       60%        N/A       10%         2
 Spider Form              Tmut/Pois      30%        N/A       19%         3
 Conjure Flame            Conj/Fire      27%        6-21      26%         3
 Inner Flame              Hex/Fire       27%        N/A       26%         3
 Ozocubu's Armour         Ice            27%        N/A       26%         3
 Portal Projectile        Hex/Tloc       54%        N/A       26%         3
 Olgreb's Toxic Radiance  Pois           33%        N/A       43%         4
 Anguish                  Hex/Necr       13%        N/A       65%         4
 Flame Wave               Conj/Fire      27%        2d9       65%         4
 Leda's Liquefaction      Hex/Erth       13%        N/A       65%         4
 Ozocubu's Refrigeration  Ice            13%        4d10      100%        7
 Call Canine Familiar     Summ           Unusable   N/A       N/A         3

Dungeon Overview and Level Annotations

Branches:
Dungeon (9/15)             Temple (1/1) D:5             Orc (0/2) D:9
   Lair: D:8-11

Altars:
Ashenzari
Cheibriados
Dithmenos
Elyvilon
Fedhas
Gozag
Kikubaaqudgha
Makhleb
Nemelex Xobeh
Okawaru
Qazlal
Ru
Sif Muna
Trog
Uskayaw
Vehumet
Wu Jian
Xom
Yredelemnul
Zin
The Shining One

Portals:
Bailey: D:9

Annotations:
D:3 1 runed translucent door, Crazy Yiuf


Innate Abilities, Weirdness & Mutations

You have extremely sharp teeth.
Your uncanny sense of smell can sniff out nearby items.
Your experience applies equally to all skills.
You sometimes lose your temper in combat.
You have an increased reservoir of magic. (+10% MP)
Your system is resistant to poisons. (rPois)


Message History

The yak gores you! The yak gores you but does no damage.
Unknown command.
You slash the yak! You punch the yak, but do no damage.
The yak is severely wounded.
You closely miss the yak. The yak gores you!
* * * LOW HITPOINT WARNING * * *
The yak gores you but does no damage.
Unknown command.
You slash the yak!
You kill the yak!
Okawaru accepts your kill.
You hit the yak. The yak gores you but does no damage.
The yak closely misses you.
Unknown command.
You hit the yak but do no damage.
The yak is heavily wounded.
The yak gores you but does no damage.
You hit the yak but do no damage.
The yak is heavily wounded.
The yak gores you!
* * * LOW HITPOINT WARNING * * *
The yak closely misses you.
You barely miss the yak. You bite the yak, but do no damage.
The yak is heavily wounded.
The yak closely misses you. The yak barely misses you.
You barely miss the yak.
The yak is heavily wounded.
You feel yourself speed up. The yak gores you!
* * * LOW HITPOINT WARNING * * *
You hit the yak but do no damage.
The yak is heavily wounded.
The yak barely misses you.
You barely miss the yak. Your bite misses the yak.
The yak is heavily wounded.
The yak gores you but does no damage.
You closely miss the yak.
The yak is heavily wounded.
The yak gores you!
You die...

..'........#........#
..#........#........#
..#.......$#........#
################....#
*,,,,,,,,,.....#....#
#,,,,,,,,,..........#
#,,,,,,,,,~~≈~~~~...#
#*+***,,,,~#####~...#
#,,,,****,~*,,,#@.###
#,,,,*,,,,~#.∩.Y)...#
#,,,,*,,,,~#...#~...#
#,,,,*,,,,~#####~...#
#********∆~~~~~≈~...#
,,,,,*,,,,,,∆,.....$#
,,,,,*,,,,,,,,..#...#
,,,,,*,,,,,,,,..*...#
,,,,,*,,,,,,,,,,*,,,*


You could see a yak.

Vanquished Creatures
  A two-headed ogre (D:8)
  Maggie (D:8)
  A wraith (D:5)
  4 yaks (D:9)
  A wyvern (D:9)
  Menkaure (D:6)
  A steam dragon (D:7)
  2 orc warriors
  A black bear (D:7)
  2 ogres (D:5)
  2 sky beasts
  3 centaurs
  A phantom (D:6)
  A bullfrog (D:6)
  Blork the orc (D:5)
  A kobold brigand (D:6)
  2 necrophages
  6 scorpions
  6 killer bees (D:8)
  4 hounds
  4 orc priests
  4 jellies
  Jessica (D:2)
  3 orc wizards
  6 iguanas
  8 gnolls
  9 adders
  2 white imps
  An ufetubus (D:6)
  2 adder zombies (D:3)
  A worm (D:2)
  2 dart slugs (D:1)
  41 orcs
  8 ball pythons
  6 bats
  12 endoplasms
  A giant cockroach (D:3)
  9 goblins
  5 hobgoblins
  3 jackals (D:3)
  16 kobolds
  A quokka (D:1)
  A frilled lizard (D:1)
  3 rats
  A spectral kobold (D:2)
192 creatures vanquished.

Notes
Turn   | Place    | Note
-------+----------+-------------------------------------------
     0 | D:1      | slphil the Gnoll Wanderer began the quest for the Orb.
     0 | D:1      | slphil set off with the following items: a +2 spear, a wand
                  | of flame (7), a scroll of butterflies, a +0 robe; and the
                  | following spell memorised: Sting; and the following spells
                  | available to memorise: Spider Form.
     0 | D:1      | Reached XP level 1. HP: 17/17 MP: 4/4
   150 | D:1      | Reached XP level 2. HP: 23/23 MP: 5/5
   632 | D:1      | Reached XP level 3. HP: 28/28 MP: 7/7
  1128 | D:2      | Reached skill level 1 in Invocations
  1157 | D:2      | Identified the ring "Damnable Contraption" {Fly rElec rCorr
                  | Str+6 Int+2}
  1218 | D:2      | Noticed Jessica
  1238 | D:2      | Gained mutation: You sometimes lose your temper in combat.
                  | [potion of mutation]
  1238 | D:2      | Gained mutation: You have extremely sharp teeth. [potion of
                  | mutation]
  1238 | D:2      | Gained mutation: Your system is resistant to poisons.
                  | (rPois) [potion of mutation]
  1238 | D:2      | Gained mutation: You have an increased reservoir of magic.
                  | (+10% MP) [potion of mutation]
  1240 | D:2      | HP: 1/42 [frozen (3)]
  1244 | D:2      | Reached skill level 1 in Short Blades
  1244 | D:2      | Reached skill level 1 in Long Blades
  1244 | D:2      | Reached skill level 1 in Axes
  1244 | D:2      | Reached skill level 1 in Maces & Flails
  1244 | D:2      | Reached skill level 1 in Staves
  1244 | D:2      | Reached skill level 1 in Ranged Weapons
  1244 | D:2      | Reached skill level 1 in Throwing
  1244 | D:2      | Reached skill level 1 in Armour
  1244 | D:2      | Reached skill level 1 in Dodging
  1244 | D:2      | Reached skill level 1 in Stealth
  1244 | D:2      | Reached skill level 1 in Shields
  1244 | D:2      | Reached skill level 1 in Unarmed Combat
  1249 | D:2      | HP: 1/42 [Jessica/+4 dagger (1)]
  1251 | D:2      | Killed Jessica
  1252 | D:2      | Reached XP level 4. HP: 1/34 MP: 9/9
  1659 | D:2      | Found a faded altar of an unknown god.
  1746 | D:2      | Found a shimmering blue altar of Sif Muna.
  1754 | D:2      | Reached skill level 1 in Conjurations
  1754 | D:2      | Reached skill level 1 in Hexes
  1754 | D:2      | Reached skill level 1 in Summonings
  1754 | D:2      | Reached skill level 1 in Necromancy
  1754 | D:2      | Reached skill level 1 in Translocations
  1754 | D:2      | Reached skill level 1 in Transmutations
  1754 | D:2      | Reached skill level 1 in Fire Magic
  1754 | D:2      | Reached skill level 1 in Ice Magic
  1754 | D:2      | Reached skill level 1 in Air Magic
  1754 | D:2      | Reached skill level 1 in Earth Magic
  2270 | D:3      | Found a runed translucent door.
  2271 | D:3      | Noticed Crazy Yiuf
  2412 | D:3      | Reached XP level 5. HP: 40/40 MP: 10/10
  2689 | D:3      | Found a basalt altar of Yredelemnul.
  3466 | D:4      | Reached XP level 6. HP: 40/47 MP: 10/12
  4215 | D:5      | Entered Level 5 of the Dungeon
  4227 | D:5      | Reached XP level 7. HP: 46/52 MP: 13/13
  4313 | D:5      | Found a shadowy altar of Dithmenos.
  4617 | D:5      | Noticed a wraith
  4910 | D:5      | Found a staircase to the Ecumenical Temple.
  4922 | Temple   | Entered the Ecumenical Temple
  4977 | Temple   | Became a worshipper of Warmaster Okawaru
  5462 | D:5      | Reached XP level 8. HP: 60/60 MP: 15/15
  5485 | D:5      | Killed a wraith
  5485 | D:5      | Reached * piety under Okawaru
  5605 | D:5      | Noticed Blork the orc
  5611 | D:5      | Killed Blork the orc
  6211 | D:6      | Noticed Menkaure
  6225 | D:6      | Killed Menkaure
  6227 | D:6      | Reached skill level 5 in Poison Magic
  6343 | D:6      | Reached ** piety under Okawaru
  6344 | D:6      | Reached XP level 9. HP: 27/67 MP: 18/18
  6353 | D:6      | Reached skill level 5 in Spellcasting
  7170 | D:7      | Reached skill level 5 in Fighting
  7437 | D:7      | Found a burning altar of Makhleb.
  7504 | D:7      | Found a bloodstained altar of Trog.
  7907 | D:7      | Reached skill level 5 in Invocations
  8313 | D:7      | Identified the +3 chain mail "Utzohuw" {Regen+ Int+7}
  8456 | D:7      | Found a blossoming altar of Fedhas.
  8591 | D:8      | Noticed a two-headed ogre
  8599 | D:8      | Killed a two-headed ogre
  8619 | D:8      | Learned a level 2 spell: Ensorcelled Hibernation
  8681 | D:8      | Reached skill level 5 in Short Blades
  8681 | D:8      | Reached skill level 5 in Long Blades
  8681 | D:8      | Reached skill level 5 in Axes
  8681 | D:8      | Reached skill level 5 in Maces & Flails
  8681 | D:8      | Reached skill level 5 in Staves
  8681 | D:8      | Reached skill level 5 in Ranged Weapons
  8681 | D:8      | Reached skill level 5 in Throwing
  8681 | D:8      | Reached skill level 5 in Armour
  8681 | D:8      | Reached skill level 5 in Dodging
  8681 | D:8      | Reached skill level 5 in Stealth
  8681 | D:8      | Reached skill level 5 in Shields
  8681 | D:8      | Reached skill level 5 in Unarmed Combat
  8681 | D:8      | Reached XP level 10. HP: 76/76 MP: 20/20
  8691 | D:8      | Noticed Maggie
  8697 | D:8      | Killed Maggie
  8697 | D:8      | Reached *** piety under Okawaru
  8865 | D:8      | Found a broken altar of Ashenzari.
  9580 | D:9      | Found a flagged portal.
  9612 | D:9      | Slain by a yak

Illustrated notes

Levels and vault maps discovered:
D:1:      eino_arrival_cavern_d, layout_basic
D:2:      layout_loops_cross, dreamdust_ecumenical_altar_drowned_temple,
          basic_altar, uniq_jessica
D:3:      layout_loops_ring, lemuel_zombie_altar_yredelemnul,
          uniq_crazy_yiuf_cottage
D:4:      layout_loops_corners
D:5:      layout_loops_ring, nicolae_overflow_crystal_walls,
          minmay_temple_entry_drinking_statues, uniq_blork_the_orc
D:6:      layout_cave_pools, serial_park_tiny_pond, uniq_menkaure
D:7:      layout_loops_corners, trog_butcher_becter,
          mainiacjoe_overflow_alcove_4, fedhas_altar_4, grunt_decor_junction
D:8:      layout_basic, mainiacjoe_overflow_catwalk, uniq_maggie
D:9:      layout_grid_maze, hiddenorc1_lemuel, enter_bailey_3
Temple:   hellmonk_temple_of_storms

Skill      XL: |  1  2  3  4  5  6  7  8  9 10 |
---------------+-------------------------------+-----
Invocations    | 1 2 3 4 5 6 |  6.1
Short Blades   | 1 2 3 5 |  5.5
Long Blades    | 1 2 3 5 |  5.5
Axes           | 1 2 3 5 |  5.5
Maces & Flails | 1 2 3 5 |  5.5
Staves         | 1 2 3 5 |  5.5
Ranged Weapons | 1 2 3 5 |  5.5
Throwing       | 1 2 3 5 |  5.5
Armour         | 1 2 3 5 |  5.5
Dodging        | 1 2 3 5 |  5.5
Stealth        | 1 2 3 5 |  5.5
Shields        | 1 2 3 5 |  5.5
Unarmed Combat | 1 2 3 5 |  5.5
Spellcasting   | 3 4 5 6 |  6.2
Conjurations   | 1 2 3 4 |  4.5
Hexes          | 1 2 3 4 |  4.5
Summonings     | 1 2 3 4 |  4.5
Necromancy     | 1 2 3 4 |  4.5
Translocations | 1 2 3 4 |  4.5
Transmutations | 1 2 3 4 |  4.5
Fire Magic     | 1 2 3 4 |  4.5
Ice Magic      | 1 2 3 4 |  4.5
Air Magic      | 1 2 3 4 |  4.5
Earth Magic    | 1 2 3 4 |  4.5
Fighting       | 3 4 5 6 |  6.1
Poison Magic   | 4 5 6 |  6.0
Polearms       | 7 8 |  8.7
Evocations     | 7 8 |  8.7

Action                   |  1- 3 |  4- 6 |  7- 9 | 10-12 || total
-------------------------+-------+-------+-------+-------++-------
Melee: Spear             |    77 |   213 |   111 |    14 ||   415
       Bite              |     8 |    18 |    32 |     8 ||    66
       Punch             |     1 |       |     8 |     5 ||    14
       Flail             |       |       |   237 |    42 ||   279
       Broad axe         |       |       |       |    39 ||    39
       Dagger            |       |       |       |    30 ||    30
 Cast: Sting             |     1 |       |       |       ||     1
Invok: Heroism           |       |       |     1 |     2 ||     3
Evoke: Wand              |     2 |       |    11 |     6 ||    19
  Use: Potion            |     4 |     1 |       |     1 ||     6
       Scroll            |     2 |       |     9 |     6 ||    17
 Stab: Sleeping          |       |     2 |       |       ||     2
Armor: Robe              |     5 |       |       |       ||     5
       Ring mail         |    11 |    40 |   145 |       ||   196
       Skin              |     4 |       |       |       ||     4
       Chain mail        |       |       |    40 |   133 ||   173
Dodge: Dodged            |    22 |    61 |   223 |   114 ||   420

Table legend: (Time is in decaauts)
 A = Elapsed time spent in this place.
 B = Non-inter-level travel time spent in this place.
 C = Inter-level travel time spent in this place.
 D = Time resting spent in this place.
 E = Time spent auto-exploring this place.
 F = Levels seen in this place.
 G = Mean time per level.
                   A        B        C        D        E       F      G
               +--------+--------+--------+--------+--------+-----+--------+
         Total |   9705 |   9244 |    461 |   1181 |   6573 |  10 |  970.5 |
       Dungeon |   9629 |   9207 |    422 |   1181 |   6551 |   9 | 1069.9 |
        Temple |     75 |     36 |     39 |      0 |     22 |   1 |   75.0 |
               +--------+--------+--------+--------+--------+-----+--------+

Top non-repeatable levels by time:
     D:5: 1530 daAuts
     D:7: 1504 daAuts
     D:4: 1283 daAuts
     D:2: 1234 daAuts
     D:6: 1113 daAuts
     D:8: 992 daAuts
     D:1: 923 daAuts
     D:3: 905 daAuts
     D:9: 141 daAuts
  Temple: 75 daAuts
